 Dungeon Crawl Stone Soup version 0.31-a0-848-gaac375c287 (webtiles) character file.

Game seed: 18210428542860136475

11 Kurtz the Sneak (level 2, -2/24 HPs)
             Began as a Mummy Delver on Oct 4, 2023.
             Slain by a river rat (8 damage)
             ... on level 3 of the Dungeon.
             The game lasted 00:00:12 (93 turns).

Kurtz the Sneak (Mummy Delver)                        Turns: 93, Time: 00:00:13

Health: -2/24      AC:  3    Str: 15    XL:     2   Next: 13%
Magic:  2/2        EV: 11    Int:  9    God:
Gold:   0          SH:  0    Dex: 13    Spells: 1/1 levels left

rFire   x . .        a - +0 hand axe
rCold   + . .        (no shield)
rNeg    + + +        b - +0 leather armour
rPois   ∞            (no helmet)
rElec   .            (no cloak)
rCorr   .            (no gloves)
SInv    .            (no boots)
Will    .....        (no amulet)
Stlth   ++           (no ring)
HPRegen 0.24/turn    (no ring)
MPRegen 0.08/turn

%: faith
@: no status effects
A: cold resistance 1, negative energy resistance 3, torment resistance 2, heat
vulnerability 1, in touch with death 1, no potions, faith
a: no special abilities


You were on level 3 of the Dungeon.
You visited 1 branch of the dungeon, and saw 3 of its levels.

Inventory:

Hand Weapons
 a - a +0 hand axe (weapon)
Armour
 b - a +0 leather armour (worn)
Wands
 f - a wand of digging (3)
Scrolls
 c - a scroll of fog
 d - a scroll of revelation
 e - a scroll of fear


   Skills:
 - Level 3.0 Fighting
 * Level 2.3 Axes
 - Level 1.5 Dodging
 - Level 4.1 Stealth


You had one spell level left.
You didn't know any spells.
Your spell library was empty.

Dungeon Overview and Level Annotations

Branches:
Dungeon (5/15)
 Temple: D:4-7

Altars:

Portals:
Sewer: D:3


Innate Abilities, Weirdness & Mutations

You are immune to poison.
Your flesh is cold resistant. (rC+)
You are immune to negative energy. (rN+++)
You are immune to unholy pain and torment.
You are vulnerable to heat. (rF-)
You are in touch with the powers of death.
You do not drink.
You have a special connection with the divine. (Faith)


Message History

You hit the adder.
The adder is almost dead.
The adder bites you but does no damage.
You closely miss the adder.
The adder is almost dead.
The adder barely misses you. The adder bites you but does no damage.
You hit the adder.
You kill the adder!
Your Axes skill increases to level 2!
You have reached level 2!
You start resting.
HP restored.
You climb upwards.
You hear the sound of rushing water.
There is an entrance to a sewer on this level.
Hurry and find it before the portal rusts away!
There is a stone staircase leading down here.
No target in view!
No target in view!
No target in view!
A river rat comes into view.
Found a glowing drain.
A river rat comes into view.
Found 8 gold pieces and a viscous silvery potion.
A worm comes into view.
A rat comes into view.
The river rat bites you! The river rat bites you.
You closely miss the river rat. The river rat closely misses you.
You enter the shallow water.
Moving in this stuff is going to be slow.
The river rat bites you.
You hit the river rat but do no damage. The river rat closely misses you.
You hit the river rat but do no damage.
The river rat bites you but does no damage.
Your unstable footing causes you to fumble your attack.
The river rat completely misses you. The river rat bites you.
The river rat bites you.
* * * LOW HITPOINT WARNING * * *
The river rat closely misses you. x2; The river rat bites you!
You die...

.## #...#
#.#..######
#.....$...#
#.........#
#...~w~...######
#..~~~~r.......#
#..~~∩~~@.####>#
..r~~~~~r.# #.#
....~~~...# #.#
.....!....# #.#
..........# #.#
......##### #.#
####.. ..# ###
#.#


You could see a worm, 2 river rats and a rat (asleep).

Vanquished Creatures
  An adder (D:4)
  An orc (D:4)
2 creatures vanquished.

Notes
Turn   | Place    | Note
-------+----------+-------------------------------------------
     0 | D:5      | Kurtz the Mummy Delver began the quest for the Orb.
     0 | D:5      | Reached XP level 1. HP: 18/18 MP: 1/1
    23 | D:4      | Reached XP level 2. HP: 10/24 MP: 2/2
    83 | D:3      | Found a glowing drain.
    93 | D:3      | Slain by a river rat

Illustrated notes

Levels and vault maps discovered:
D:3:      layout_loops_ring, nicolae_yredelemnul_ghost_church,
          mainiacjoe_overflow_alcove_4, portal_sewer_entry_a
D:4:      layout_basic
D:5:      layout_basic, ebering_ghost_disaster_area, chequers_arboretum,
          uniq_sigmund

Skill      XL: |  1 |
---------------+----+-----
Axes           | 2 |  2.3
Fighting       | |  3.0
Dodging        | |  1.5
Stealth        | |  4.1

Action                     || total
---------------------------++-------
  Melee: Hand axe          ||    18
 Armour: Leather armour    ||    17
  Dodge: Dodged            ||    14

Table legend: (Time is in decaauts)
 A = Elapsed time spent in this place.
 B = Non-inter-level travel time spent in this place.
 C = Inter-level travel time spent in this place.
 D = Time resting spent in this place.
 E = Time spent auto-exploring this place.
 F = Levels seen in this place.
 G = Mean time per level.
                   A        B        C        D        E       F      G
               +--------+--------+--------+--------+--------+-----+--------+
         Total |     96 |     93 |      3 |     56 |      0 |   3 |   32.0 |
       Dungeon |     96 |     93 |      3 |     56 |      0 |   3 |   32.0 |
               +--------+--------+--------+--------+--------+-----+--------+

Top non-repeatable levels by time:
     D:4: 80 daAuts
     D:3: 13 daAuts
     D:5: 2 daAuts
